Map: Oxide LE

Players

SKillous

  • Race: Protoss Protoss

Spirit (souL) - Winner!

  • Race: Terran Terran

Event: DreamHack SC2 Masters 2021 Winter

VOD

Have the link to the VOD?

Description

Time

  • Played on: Oct. 13, 2021, 1:05 p.m.
  • Length: 16:36

All games in this series

Show
View Real Time Build Order
Export as new Build Order

SKillous Protoss 

Build Orders: 1 Gate Expand, Phoenix Opening 

Get SALT Encoding   

  12  0:00  Probe  
  13  0:12  Probe  
  14  0:19  Pylon  
  14  0:24  Probe  
  15  0:37  Gateway, Probe (Chrono Boost)  
  16  0:46  Probe (Chrono Boost)  
  16  0:47  Assimilator  
  17  0:51  Probe  
  18  1:03  Probe  
  19  1:15  Probe  
  20  1:25  Cybernetics Core  
  20  1:32  Nexus  
  20  1:39  Pylon  
  20  1:43  Probe  
  21  1:52  Assimilator  
  21  1:55  Probe  
  21  1:58  Adept (Chrono Boost)  
  22  2:08  Probe (Chrono Boost)  
  25  2:17  Probe (Chrono Boost)  
  25  2:22  Adept  
  28  2:23  Probe (Chrono Boost)  
  29  2:30  Stargate  
  30  2:38  Warp Gate, Probe (Chrono Boost)  
  30  2:44  Probe (Chrono Boost)  
  32  2:52  Adept  
  32  2:53  Probe x2 (Chrono Boost)  
  35  2:58  Probe (Chrono Boost)  
  35  3:00  Probe  
  37  3:11  Probe  
  38  3:13  Phoenix (Chrono Boost), Probe  
  41  3:23  Probe, Shield Battery  
  41  3:25  Pylon  
  42  3:29  Phoenix (Chrono Boost)  
  42  3:33  Pylon  
  44  3:36  Probe  
  44  3:41  Probe  
  46  3:48  Probe  
  47  3:52  Phoenix (Chrono Boost)  
  47  3:53  Probe  
  50  4:01  Nexus  
  50  4:09  Phoenix (Chrono Boost)  
  51  4:13  Probe  
  49  4:19  Probe  
  49  4:25  Probe  
  51  4:31  Phoenix (Chrono Boost), Probe  
  51  4:34  Assimilator  
  51  4:38  Probe  
  54  4:42  Twilight Council  
  54  4:43  Probe  
  55  4:50  Probe (Chrono Boost)  
  56  4:56  Forge  
  57  5:00  Probe (Chrono Boost), Pylon  
  57  5:02  Probe (Chrono Boost)  
  57  5:06  Phoenix  
  60  5:07  Gateway  
  60  5:08  Gateway x2, Probe (Chrono Boost)  
  60  5:09  Charge  
  60  5:10  Probe (Chrono Boost)  
  62  5:15  Probe (Chrono Boost)  
  65  5:22  Gateway, Probe (Chrono Boost)  
  65  5:24  Gateway, Probe (Chrono Boost)  
  65  5:26  Probe (Chrono Boost)  
  66  5:29  Pylon  
  66  5:32  Protoss Ground Armor Level 1 (Chrono Boost)  
  66  5:34  Phoenix  
  68  5:35  Probe  
  68  5:38  Probe x2  
  71  5:48  Probe  
  72  5:50  Gateway, Probe  
  72  5:52  Gateway  
  72  5:54  Probe  
  74  5:58  Pylon  
  74  6:00  Probe  
  75  6:05  Phoenix  
  75  6:06  Probe  
  75  6:10  Sentry  
  80  6:11  Pylon  
  80  6:13  Shield Battery  
  80  6:14  Pylon  
  80  6:16  Probe x2  
  80  6:17  Zealot  
  84  6:27  Pylon  
  84  6:29  Gateway x2  
  84  6:34  Zealot x2  
  84  6:35  Zealot  
  84  6:36  Zealot  
  84  6:39  Phoenix  
  94  6:46  Robotics Facility  
  94  6:49  Zealot x2  
  94  6:54  Pylon  
  98  6:55  Zealot x2  
  98  6:57  Zealot  
  104  7:06  Assimilator  
  106  7:09  Photon Cannon  
  106  7:14  Zealot x5, Protoss Ground Weapons Level 1 (Chrono Boost)  
  114  7:16  Pylon  
  114  7:32  Immortal (Chrono Boost), Zealot x5  
  126  7:40  Robotics Bay  
  126  7:44  Zealot x3  
  126  7:48  Zealot  
  126  7:49  Zealot  
  118  8:02  Zealot x5  
  110  8:06  Zealot x2  
  110  8:07  Zealot  
  102  8:20  Zealot x2  
  102  8:22  Zealot  
  102  8:25  Zealot x4  
  100  8:27  Zealot  
  100  8:31  Disruptor  
  105  8:40  Zealot x3  
  101  8:47  Zealot x2  
  96  8:50  Zealot  
  77  8:57  Zealot x2  
  77  9:01  Zealot x2  
  81  9:05  Zealot  
  81  9:07  Zealot  
  73  9:15  Zealot x2  
  65  9:23  Zealot x3  
  67  9:31  Sentry x5  
  77  9:39  Sentry  
  77  9:40  Templar Archives  
  79  9:52  Probe x3  
  82  9:54  Stalker x2  
  86  10:05  Zealot x3  
  86  10:06  Zealot  
  94  10:11  Zealot  
  88  10:28  Zealot  
  83  10:41  Pylon  
  83  10:42  Pylon  
  75  10:43  Blink (Chrono Boost)  
  75  11:09  Pylon x2  
  75  11:14  Pylon  
  75  11:27  Colossus  
  77  11:34  Protoss Ground Weapons Level 2 (Chrono Boost)  
  75  11:48  Pylon  
  67  12:07  Cybernetics Core  
  67  12:09  Zealot x5  
  77  12:17  Colossus (Chrono Boost)  
  77  12:18  Pylon  
  82  12:25  Pylon  
  82  12:44  Stalker  
  82  12:45  Stalker x3  
  82  13:05  Sentry x2  
  82  13:06  Sentry  
  82  13:22  Zealot x2, Sentry  
  82  13:23  Zealot  
  88  13:31  Zealot x2  
  91  13:49  Pylon  
  91  13:51  Pylon  
  53  14:57  Pylon  
  53  15:11  Dark Shrine  
  53  15:17  Probe (Chrono Boost)  
  53  15:21  Pylon  
  54  15:27  Probe (Chrono Boost)  
  55  15:38  Probe (Chrono Boost)  
  57  15:51  Probe (Chrono Boost)  
  57  15:57  Probe (Chrono Boost)  
Show
View Real Time Build Order
Export as new Build Order

Spirit Terran - Winner!

Build Orders:  

Get SALT Encoding   

  12  0:00  SCV  
  13  0:12  SCV  
  14  0:17  Supply Depot  
  14  0:24  SCV  
  15  0:38  SCV  
  15  0:39  Barracks  
  16  0:44  Refinery  
  16  0:50  SCV  
  17  1:03  SCV  
  18  1:15  SCV  
  19  1:29  Marine  
  19  1:30  Orbital Command  
  20  1:49  Command Center  
  20  1:56  Factory, SCV  
  21  2:04  Barracks Reactor  
  21  2:07  Supply Depot  
  21  2:17  Bunker  
  21  2:18  SCV  
  22  2:30  SCV  
  23  2:42  SCV  
  23  2:43  Starport  
  24  2:47  Hellion x2  
  24  2:48  Marine  
  29  2:54  SCV  
  30  3:02  Orbital Command  
  30  3:08  Hellion  
  30  3:11  Hellion  
  30  3:12  Marine  
  35  3:15  SCV  
  35  3:19  Medivac  
  38  3:23  Refinery  
  38  3:28  SCV  
  38  3:29  SCV  
  40  3:35  Supply Depot  
  40  3:40  SCV  
  40  3:41  SCV  
  42  3:44  Factory Tech Lab, Marine x2  
  44  3:52  SCV  
  44  3:53  SCV  
  46  3:59  Engineering Bay  
  46  4:00  Barracks  
  46  4:02  Marine  
  47  4:04  SCV  
  47  4:05  SCV  
  47  4:08  Cyclone  
  52  4:16  SCV  
  49  4:17  SCV  
  44  4:26  Barracks  
  44  4:28  SCV  
  44  4:29  Missile Turret, SCV, Marine  
  44  4:31  Marine  
  47  4:35  Supply Depot  
  47  4:38  Supply Depot  
  48  4:40  SCV  
  48  4:44  Siege Tank  
  48  4:45  SCV  
  53  4:48  Missile Turret  
  53  4:49  Marine  
  53  4:51  Barracks Tech Lab  
  53  4:54  SCV  
  53  4:57  SCV, Marine  
  56  5:00  Supply Depot  
  56  5:02  Refinery  
  56  5:04  Refinery  
  56  5:07  Terran Infantry Weapons Level 1  
  56  5:09  Stimpack  
  56  5:12  Starport Reactor  
  56  5:13  SCV  
  55  5:17  Barracks  
  55  5:19  Barracks Reactor  
  55  5:23  Barracks  
  55  5:24  SCV  
  55  5:27  SCV  
  57  5:30  Marine x2  
  57  5:33  Marine  
  60  5:36  SCV  
  60  5:39  SCV  
  60  5:40  Siege Tank  
  65  5:47  Supply Depot  
  65  5:48  Marine x2  
  65  5:49  SCV  
  68  5:51  SCV, Marine  
  70  5:59  Marine x2  
  70  6:01  SCV, Medivac  
  70  6:02  Medivac  
  70  6:03  SCV  
  78  6:06  Supply Depot  
  78  6:07  Barracks Tech Lab  
  78  6:08  Marine  
  79  6:11  Barracks Tech Lab  
  79  6:12  Supply Depot  
  79  6:16  Siege Tank  
  82  6:19  SCV  
  82  6:21  Marine  
  82  6:22  Marine  
  82  6:23  Marine  
  86  6:27  Marine x3  
  86  6:29  Combat Shield  
  86  6:32  Supply Depot  
  89  6:33  Marine  
  89  6:37  Supply Depot  
  89  6:38  Marine  
  91  6:40  Supply Depot  
  91  6:41  Marine  
  94  6:47  Medivac  
  94  6:48  Medivac  
  94  6:52  Marine x2  
  94  6:53  Marine  
  94  6:54  Marauder  
  101  6:55  Marauder  
  101  6:57  Marine  
  101  6:59  Marine  
  105  7:03  Siege Tank  
  105  7:06  Supply Depot  
  108  7:09  Marine  
  108  7:10  Supply Depot, Marine  
  108  7:11  Marauder  
  112  7:16  Marauder  
  112  7:17  Medivac  
  112  7:18  Marine  
  112  7:19  Marauder  
  112  7:20  Marine  
  120  7:27  Marine  
  120  7:28  Marine  
  116  7:33  Marauder  
  116  7:36  Marine  
  118  7:37  Marine  
  118  7:38  Marine  
  118  7:40  Marine  
  121  7:45  Medivac, Marine  
  121  7:46  Marine  
  125  7:54  Marauder, Marine  
  125  7:55  Marine  
  114  7:59  Marine  
  114  8:01  Marine  
  114  8:03  Medivac  
  114  8:04  Marine  
  108  8:06  Marine  
  108  8:12  Marine  
  107  8:13  Marine  
  107  8:14  Medivac  
  107  8:15  Marine  
  107  8:16  Marine  
  107  8:19  Marine  
  104  8:23  Marine  
  104  8:24  Marine  
  91  8:29  Widow Mine  
  91  8:30  Marine  
  91  8:31  Marine  
  91  8:33  Marine  
  96  8:34  Marine  
  96  8:37  Marine  
  96  8:41  Marine  
  90  8:42  Marine  
  90  8:47  Marine  
  84  8:48  Marine  
  84  8:50  Marine  
  84  8:52  Marine  
  84  8:55  Marine  
  76  8:58  Marine  
  76  9:00  Marine  
  73  9:04  Medivac x2  
  73  9:05  Marine  
  73  9:06  Marine  
  73  9:08  Marine  
  73  9:10  Marine  
  73  9:13  Marine  
  73  9:16  Marine  
  59  9:17  Marine  
  59  9:23  Marine  
  53  9:24  Marine  
  53  9:26  Marine  
  53  9:28  Widow Mine, Marine  
  53  9:30  Marine  
  59  9:34  Marine  
  59  9:35  Marine  
  59  9:36  Medivac  
  63  9:41  Marine  
  63  9:42  Marauder  
  63  9:44  Marine  
  67  9:45  Marine  
  67  9:49  Marauder  
  67  9:52  Marine  
  69  9:53  Marine  
  69  9:59  Marine  
  71  10:02  Marine  
  71  10:03  Marine x2  
  73  10:10  Marine x2  
  73  10:11  Marine  
  76  10:16  Marine  
  76  10:19  Marine  
  78  10:21  Marine x2  
  78  10:22  Medivac  
  78  10:28  Marauder, Medivac, Marine  
  81  10:29  Marine  
  81  10:34  Marine  
  85  10:37  Marine  
  85  10:39  Marine x2  
  88  10:45  SCV, Marine  
  88  10:46  SCV  
  91  10:57  Widow Mine  
  91  10:58  SCV x2  
  95  11:08  Marauder  
  95  11:10  SCV x2  
  99  11:12  Medivac  
  101  11:22  SCV x2, Marine x2  
  104  11:30  Widow Mine  
  106  11:34  SCV x2, Marine  
  108  11:43  Medivac x2  
  108  11:44  Marine  
  108  11:46  SCV x2  
  109  11:54  Marauder x2  
  109  11:58  SCV  
  111  12:05  SCV  
  112  12:09  Siege Tank  
  112  12:13  Medivac  
  118  12:21  Marine  
  119  12:29  Medivac  
  117  12:30  SCV  
  117  12:33  Orbital Command  
  117  12:41  Siege Tank  
  117  12:42  Marine  
  119  12:48  Bunker  
  119  12:50  Refinery, Marine x3  
  118  12:52  Marine  
  118  12:57  Marine  
  112  13:07  Missile Turret  
  110  13:12  Liberator  
  105  13:31  Liberator  
  108  13:36  Marauder, Marine  
  108  13:38  Marine  
  110  13:45  Marine  
  94  13:49  Marine  
  94  13:50  Marine  
  94  13:52  Marine  
  95  13:56  Marine  
  95  13:58  Marine  
  61  14:45  Bunker  
  61  14:47  Bunker  
  59  15:15  Siege Tank  
  59  15:20  Orbital Command  

Tags
 
Add a new tag
Caveats
  • Supply blocks, unpowered buildings, or Contaminate may cause inaccurate times.
  • Supply counts are checked every 10 seconds.